 Dungeon Crawl Stone Soup version 0.29.1-12-g30fa7ad0bf (webtiles) character file.

Game seed: 7215426906898791559

98 FaviusArthum the Conjurer (level 4, -4/24 HPs)
             Began as a Deep Elf Conjurer on Jan 11, 2023.
             Slain by an orc priest
             ... wielding a +0 falchion
              (5 damage)
             ... on level 4 of the Dungeon.
             The game lasted 00:20:14 (5717 turns).

FaviusArthum the Conjurer (Deep Elf Conjurer)       Turns: 5717, Time: 00:20:15

Health: -4/24      AC:  3    Str:  4    XL:     4   Next: 43%
Magic:  4/12       EV: 12    Int: 25    God:
Gold:   112        SH:  0    Dex: 13    Spells: 5/12 levels left

rFire   . . .      SeeInvis .   w - +2 short sword (protect)
rCold   . . .      Faith    .   (no shield)
rNeg    . . .      Spirit   .   a - +0 robe
rPois   .          Reflect  .   p - +0 helmet
rElec   .          Harm     .   (no cloak)
rCorr   .          Rampage  .   (no gloves)
Will    .....                   (no boots)
Stlth   ++........              (no amulet)
HPRegen 0.08/turn               (no ring)
MPRegen 0.13/turn               (no ring)

@: about to teleport
A: no striking features
a: no special abilities


You were on level 4 of the Dungeon.
You visited 1 branch of the dungeon, and saw 4 of its levels.

You collected 134 gold pieces.
You spent 22 gold pieces at shops.

Inventory:

Hand Weapons
 e - a +0 mace
 i - a +0 short sword
 l - a +2 short sword of speed
 q - a +0 war axe
 w - a +2 short sword of protection (weapon)
Missiles
 k - 10 poisoned darts
Armour
 a - a +0 robe (worn)
 p - a +0 helmet (worn)
 u - a +0 helmet
Jewellery
 d - an amulet of guardian spirit
 j - a ring of ice
Scrolls
 f - 4 scrolls of identify
 g - a scroll of immolation
 h - 2 scrolls of fear
 n - 3 scrolls of blinking
 t - a scroll of vulnerability
 v - a scroll of amnesia
Potions
 b - a potion of magic
 c - a potion of flight {unknown}
 r - a potion of haste {unknown}
 s - 4 potions of ambrosia


   Skills:
 + Level 0.3 Fighting
 + Level 0.1 Axes
 + Level 2.5 Dodging
 + Level 2.9 Stealth
 + Level 4.6 Spellcasting
 + Level 5.4 Conjurations


You had 5 spell levels left.
You knew the following spells:

 Your Spells              Type           Power      Damage    Failure   Level
a - Magic Dart            Conj           100%       1d8       1%          1
b - Searing Ray           Conj           64%        2d6       1%          2
c - Fulminant Prism       Conj/Hex       9%         3d7       28%         4

Your spell library contained the following spells:

 Spells                   Type           Power      Damage    Failure   Level
 Dazzling Flash           Conj/Hex       38%        N/A       9%          3
 Iskenderun's Mystic Bla  Conj/Tloc      19%        2d6       28%         4


Dungeon Overview and Level Annotations

Branches:
Dungeon (4/15)
 Temple: D:4-7

Altars:
Hepliaklqana
Ru
Vehumet

Shops:
D:3 :=*=   D:4 *


Message History

Casting: Magic Dart (safe; 1% risk of failure)
Confirm with . or Enter, or press ? or * to list all spells.
Aiming: Magic Dart (safe; 1% risk of failure)
Press: ? - help, Shift-Dir - straight line, f/p - orc
Aim: an orc, wielding a +0 trident (almost dead, 100% to hit)
The magic dart hits the orc!
You kill the orc!
The orc wizard gestures wildly while chanting.
The orc wizard flickers and vanishes!
As you read the scroll of teleportation, it crumbles to dust.
You feel strangely unstable.
The orc priest calls down the wrath of Beogh upon you.
Pain shoots through your body!
Ouch! That really hurt!
Casting: Magic Dart (safe; 1% risk of failure)
Confirm with . or Enter, or press ? or * to list all spells.
Aiming: Searing Ray (safe; 1% risk of failure)
Press: ? - help, Shift-Dir - straight line, f - orc priest
Aim: an orc priest, wielding a +0 falchion and wearing a +0 leather armour (81% to hit)
The searing ray hits the orc priest.
The orc priest is heavily wounded. (Press . to maintain the ray.)
A magic dart appears from out of thin air!
The magic dart hits you!
* * * LOW HITPOINT WARNING * * *
Casting: Searing Ray (safe; 1% risk of failure)
Confirm with . or Enter, or press ? or * to list all spells.
Aiming: Searing Ray (safe; 1% risk of failure)
Press: ? - help, Shift-Dir - straight line, f/p - orc priest
Aim: an orc priest, wielding a +0 falchion and wearing a +0 leather armour (heavily wounded, 81% to hit)
The searing ray hits the orc priest.
The orc priest is heavily wounded. (Press . to maintain the ray.)
An orc comes into view. It is wielding a +0 whip.
The orc priest calls down the wrath of Beogh upon you.
Pain shoots through your body!
* * * LOW HITPOINT WARNING * * *
The orc priest attacks as you move away!
The orc priest hits you with a +0 falchion.
You die...

#. # #o #. #. .# ##'## .#
##...## .## ##...).## ## ..##
##....{..## ##.##
####...####.....o)..####<..#.#
...†......'.....@...'........#
###....####...)...†.####...#.#
#.#.## ##.......## ##.## #
#.### ##.....## ####.### #∩#
##...## #. ....# #.# ##'##
#.##.#.# #.# ####.####
#.#^...# #.# ##.......##
#.#....# ###.##### #.........#
#. ....#


You could see an orc priest and an orc (wandering).

Vanquished Creatures
  A jelly (D:4)
  An adder (D:2)
  2 worms
  3 dart slugs
  5 orcs
  3 bats
  7 endoplasms
  A giant cockroach (D:3)
  2 goblins (D:2)
  A hobgoblin (D:1)
  A quokka (D:3)
  4 ball pythons
  2 frilled lizards
  5 kobolds
  4 rats
  A spectral kobold (D:3)
43 creatures vanquished.

Notes
Turn   | Place    | Note
-------+----------+-------------------------------------------
     0 | D:1      | FaviusArthum the Deep Elf Conjurer began the quest for the
                  | Orb.
     0 | D:1      | Reached XP level 1. HP: 10/10 MP: 6/6
  1216 | D:2      | Reached XP level 2. HP: 15/15 MP: 4/8
  1220 | D:2      | Learned a level 2 spell: Searing Ray
  1519 | D:2      | Found a faded altar of an unknown god.
  1928 | D:2      | Reached skill level 5 in Conjurations
  1944 | D:2      | Found a radiant altar of Vehumet.
  1947 | D:2      | Identified the +7 chain mail "Evupp" {rPois MP+9 Str+5
                  | Stlth-}
  2534 | D:3      | Reached XP level 3. HP: 1/19 MP: 6/10
  3066 | D:3      | Found Arajekhlu's General Store.
  3291 | D:3      | Bought a scroll of identify for 22 gold pieces
  3303 | D:3      | Found a hazy altar of Hepliaklqana.
  3321 | D:3      | Found Ithroreu's Book Emporium.
  3475 | D:3      | Found Aki Gut's Jewellery Boutique.
  3935 | D:3      | Found a sacrificial altar of Ru.
  4181 | D:3      | Found Jilui's Jewellery Boutique.
  4755 | D:4      | Reached XP level 4. HP: 24/24 MP: 6/12
  4805 | D:4      | Learned a level 4 spell: Fulminant Prism
  5307 | D:4      | Found Umpah's Lightly-Used Armoury.
  5462 | D:4      | Noticed a black bear
  5716 | D:4      | HP: 1/24 [orc priest/nerve-wracking pain (3)]
  5717 | D:4      | Slain by an orc priest

Illustrated notes

Levels and vault maps discovered:
D:1:      nzn_arrival_depleted_hourglass, layout_loops_corners, nrook_campfire
D:2:      layout_basic, basic_altar, shapermc_ecumenical_altar_flowoftime
D:3:      layout_loops_cross, lemuel_coloured_pillars_altar,
          nicolae_hepliaklqana_monster_ancestors, serial_shops,
          nicolae_shop_stone, shop_statue, nicolae_shop_advertising_works
          [nicolae_subvault_shop_adworks], nicolae_shop_hallway_plus
D:4:      layout_loops_corners, minivault_1, hangedman_decor_peaks_small,
          nicolae_kite_square_tiling_tiny, minmay_shop_damaged

Skill      XL: |  1  2  3 |
---------------+----------+-----
Conjurations   | 5 |  5.4
Spellcasting   | 4 |  4.6
Fighting       | |  0.3
Axes           | |  0.1
Dodging        | |  2.5
Stealth        | |  2.9

Action                   |  1- 3 |  4- 6 || total
-------------------------+-------+-------++-------
Melee: Short sword       |    10 |     2 ||    12
       War axe           |     4 |       ||     4
 Cast: Magic Dart        |    45 |    14 ||    59
       Searing Ray       |    15 |    11 ||    26
  Use: Scroll            |     8 |     2 ||    10
       Potion            |       |     1 ||     1
Armor: Robe              |     3 |       ||     3
Dodge: Dodged            |     5 |     1 ||     6
